 Dungeon Crawl Stone Soup version 0.30-a0-1018-g25214051b3 (webtiles) character file.

Game seed: 3924736038066824715

139115 Mesmaeker13 the Martial Artist (level 17, -2/187 HPs)
             Began as an Octopode Transmuter on Apr 7, 2023.
             Was the Champion of Wu Jian.
             Slain by a five-headed hydra simulacrum (29 damage)
             ... on level 4 of the Swamp.
             The game lasted 01:28:55 (36713 turns).

Mesmaeker13 the Martial Artist (OpTm)              Turns: 36713, Time: 01:28:56

Health: -2/187     AC: 20    Str: 20 (22) XL:     17   Next: 27%
Magic:  29/35      EV: 13    Int: 19 (20) God:    Wu Jian [******]
Gold:   1957       SH:  0    Dex: 11      Spells: 10/33 levels left

rFire   + + .      SeeInvis .    t - melded staff of death "Beoro" {rPois rN+ SInv}
rCold   . . .      Faith    .    (shield currently unavailable)
rNeg    . . .      Spirit   .    e - melded +2 hat {SInv}
rPois   +          Reflect  .    o - amulet of the acrobat
rElec   +          Rampage  .    b - ring of wizardry
rCorr   +          Clarity  +    T - +4 ring of protection
Will    ++...                    G - ring of protection from cold
Stlth   +                        V - ring of willpower
HPRegen 0.51/turn                p - +5 ring of evasion
MPRegen 0.24/turn                F - ring of resist corrosion
                                 R - ring of Mekesuex {rElec MP+9}
                                 P - +4 ring of slaying

@: dragon-form, flying, studying Long Blades
A: dragon claw, dragon scales, breathe fire, flying, boosted hp, almost no
armour, amphibious, 8 rings, giant, (camouflage 1), (gelatinous body 1), (nimble
swimmer 1), (tentacles), clarity, clumsy 1, deterioration 2, low MP 1, (heat
vulnerability 1)
a: Breathe Fire, End Transformation, Renounce Religion, Wall Jump, Serpent's
Lash, Heavenly Storm


You were on level 4 of the Swamp.
You worshipped Wu Jian.
Wu Jian was exalted by your worship.
You were a fearsome dragon!
You visited 4 branches of the dungeon, and saw 26 of its levels.
You visited the Abyss 1 time.
You also visited: Sewer, Ossuary and Ice Cave.

You collected 3095 gold pieces.
You spent 1138 gold pieces at shops.

Inventory:

Missiles
 y - 5 curare-tipped darts
 I - a throwing net
Armour
 e - a +2 hat of see invisible (melded)
Magical Staves
 t - the staff of death "Beoro" (melded) {rPois rN+ SInv}
   (You found it on level 5 of the Dungeon)

   [staff of death]

   Base accuracy: +5 Base damage: 5 Base attack delay: 1.2 This weapon's minimum
   attack delay (0.6) is reached at skill level 12.
   rPois:     It protects you from poison.
   rN:        It protects you from negative energy.
   SInv:      It lets you see invisible.
   It falls into the 'Staves' category.
   It is a one-tentacled weapon.
Jewellery
 b - a ring of wizardry (left foreclaw)
 d - a ring of see invisible
 o - an amulet of the acrobat (around neck)
 p - a +5 ring of evasion (on tentacle)
 C - a ring of fire
 E - a ring of flight
 F - a ring of resist corrosion (on tentacle)
 G - a ring of protection from cold (on tentacle)
 K - a +6 ring of dexterity
 L - a +6 ring of strength
 P - a +4 ring of slaying (on tentacle)
 R - the ring of Mekesuex (on tentacle) {rElec MP+9}
   (You acquired it on level 12 of the Dungeon)

   [ring of magical power]

   rElec:     It insulates you from electricity.
   MP:        It affects your magic capacity (+9).
 S - an amulet of regeneration
 T - a +4 ring of protection (right foreclaw)
 U - a +6 ring of intelligence
 V - a ring of willpower (on tentacle)
Wands
 q - a wand of flame (24)
 H - a wand of digging (5)
Scrolls
 f - 5 scrolls of vulnerability
 h - 2 scrolls of magic mapping
 i - 2 scrolls of torment
 j - 2 scrolls of noise
 k - a scroll of blinking
 l - 7 scrolls of fog
 m - 4 scrolls of poison
 u - a scroll of immolation
 v - 2 scrolls of silence
 A - 2 scrolls of amnesia
 B - a scroll of enchant weapon
 M - 2 scrolls of identify
 W - 2 scrolls of fear
Potions
 a - 6 potions of heal wounds
 c - 5 potions of haste
 g - 3 potions of curing
 n - 3 potions of magic
 r - 5 potions of attraction
 s - a potion of resistance
 w - 5 potions of might
 x - 4 potions of invisibility
 z - 8 potions of brilliance
 D - 8 potions of flight
 J - 3 potions of berserk rage
 N - 3 potions of lignification
 Q - 5 potions of cancellation
Miscellaneous
 O - a phial of floods (inert)


   Skills:
 + Level 14.1 Fighting
 + Level 4.2 Dodging
 + Level 14.3 Unarmed Combat
 + Level 8.5 Spellcasting
 - Level 8.2 Conjurations
 + Level 14.2 Transmutations
 - Level 11.3 Ice Magic
 - Level 10.2 Air Magic


You had 10 spell levels left.
You knew the following spells:

 Your Spells              Type           Power      Damage    Failure   Level
a - Irradiate             Conj/Tmut      25%        3d20      1%          5
b - Wereblood             Tmut           58%        N/A       1%          2
c - Ice Form              Ice/Tmut       54%        N/A       1%          4
d - Freezing Cloud        Conj/Ice/Air   23%        6-21      1%          5
e - Dragon Form           Tmut           29%        N/A       9%          7

Your spell library contained the following spells:

 Spells                   Type           Power      Damage    Failure   Level
 Beastly Appendage        Tmut           100%       N/A       1%          1
 Foxfire                  Conj/Fire      92%        2x1d8     1%          1
 Magic Dart               Conj           100%       1d8       1%          1
 Sting                    Tmut/Pois      100%       1d8       1%          1
 Cigotuvi's Dreadful Rot  Necr/Pois/Air  42%        N/A       1%          2
 Passwall                 Tmut/Erth      29%        N/A       1%          2
 Poisonous Vapours        Pois/Air       54%        N/A       1%          2
 Static Discharge         Conj/Air       86%        2-6/arc   1%          2
 Hailstorm                Conj/Ice       45%        3d10      1%          3
 Ignite Poison            Fire/Tmut/Pois 26%        N/A       1%          3
 Mephitic Cloud           Conj/Pois/Air  31%        N/A       1%          3
 Ozocubu's Armour         Ice            51%        N/A       1%          3
 Spider Form              Tmut/Pois      35%        N/A       1%          3
 Stone Arrow              Conj/Erth      46%        3d9       1%          3
 Airstrike                Air            23%        2d(4-20)  1%          4
 Blade Hands              Tmut           29%        N/A       1%          5
 Apportation              Tloc           16%        N/A       3%          1
 Necrotise                Necr           32%        1d5       3%          1
 Sandblast                Erth           16%        2d6       3%          1
 Slow                     Hex            32%        N/A       3%          1
 Summon Small Mammal      Summ           32%        N/A       3%          1
 Summon Lightning Spire   Summ/Air       27%        N/A       4%          4
 Blink                    Tloc           16%        N/A       5%          2
 Call Imp                 Summ           16%        N/A       5%          2
 Metabolic Englaciation   Hex/Ice        14%        N/A       9%          5
 Confusing Touch          Hex            8%         N/A       11%         3
 Gell's Gravitas          Tloc           8%         N/A       11%         3
 Summon Guardian Golem    Hex/Summ       8%         N/A       11%         3
 Teleport Other           Tloc           8%         N/A       11%         3
 Vampiric Draining        Necr           8%         2d6       11%         3
 Fireball                 Conj/Fire      11%        3d7       17%         5
 Storm Form               Tmut/Air       26%        N/A       19%         7
 Eringya's Noxious Bog    Tmut/Pois      17%        N/A       26%         6
 Statue Form              Tmut/Erth      23%        N/A       26%         6
 Animate Dead             Necr           8%         N/A       32%         4
 Manifold Assault         Tloc           8%         N/A       32%         4
 Olgreb's Toxic Radiance  Pois           8%         N/A       32%         4
 Simulacrum               Ice/Necr       14%        N/A       43%         6
 Plasma Beam              Fire/Air       13%        2x1d27    52%         6
 Lee's Rapid Deconstruct  Erth           4%         3d5*      65%         5
 Summon Forest            Summ/Tloc      4%         N/A       65%         5
 Iron Shot                Conj/Erth      11%        9d3       65%         6
 Starburst                Conj/Fire      11%        6d5       65%         6
 Orb of Destruction       Conj           19%        9d8       65%         7
 Maxwell's Capacitive Co  Air            23%        ∞         96%         8
 Dispersal                Tloc           4%         N/A       99%         6
 Spellforged Servitor     Conj/Summ      11%        N/A       99%         7
 Haunt                    Necr/Summ      4%         N/A       100%        7
 Summon Hydra             Summ           4%         N/A       100%        7
 Infestation              Necr           4%         N/A       100%        8
 Animate Armour           Summ/Erth      Unusable   N/A       N/A         4

Dungeon Overview and Level Annotations

Branches:
Dungeon (15/15)            Temple (0/1) D:5            Lair (5/5) D:10
  Swamp (4/4) Lair:2       Spider (0/4) Lair:2        Slime (0/5) Lair:4
    Orc (2/2) D:10            Elf (0/3) Orc:2        Vaults (0/5) D:13
 Depths (0/4) D:15          Sewer (visited)         Ossuary (visited)
  IceCv (visited)

Altars:
Cheibriados
Elyvilon
Fedhas
Gozag
Hepliaklqana
Kikubaaqudgha
Nemelex Xobeh
Okawaru
Sif Muna
Trog
Uskayaw
Vehumet
Wu Jian
Jiyva

Shops:
D:4 :?[=(   D:9 *   Orc:2 =[*(

Annotations:
D:6 exclusions: door and 4 more exclusions
D:11 2 transporters
Lair:5 exclusion: obsidian statue


Innate Abilities, Weirdness & Mutations

You are a fearsome dragon!
You have a powerful clawing attack.
Your giant scaled body is strong and resiliant, but less evasive.
You can breathe fire.
You are flying.
Your maximum health is greatly increased.
Your armour is entirely melded.
You are incapable of wielding weapons or throwing items.
You cannot wear most types of armour.
You are amphibious.
You can wear up to eight rings at the same time.
((Your skin changes colour to match your surroundings (Stealth+).))
((Your rubbery body absorbs attacks. (AC +1, EV +1)))
((You are camouflaged when in or above water. (Stealth+)))
((You have tentacles for arms and can constrict up to eight enemies at once.))
You possess an exceptional clarity of mind.
You are clumsy. (Dex -2)
Your body often deteriorates upon taking damage.
Your magical capacity is low. (-10% MP)
((You are vulnerable to heat. (rF-)))


Message History

As you read the scroll of fear, it crumbles to dust.
You assume a fearsome visage.
The five-headed hydra simulacrum is unaffected.
The six-headed hydra simulacrum is unaffected.
The five-headed hydra simulacrum is unaffected.
The ice dragon resists with some effort.
The eight-headed hydra simulacrum is unaffected.
You maul the ice dragon!!!
You claw the ice dragon!
The ice dragon is severely wounded.
The five-headed hydra simulacrum barely misses you.
The five-headed hydra simulacrum closely misses you.
The five-headed hydra simulacrum barely misses you.
The five-headed hydra simulacrum bites you.
The five-headed hydra simulacrum freezes you!
The five-headed hydra simulacrum bites you but does no damage.
A four-headed hydra simulacrum comes into view.
The six-headed hydra simulacrum bites you!
The six-headed hydra simulacrum freezes you!!
Your body deteriorates!
You feel weakened.
The six-headed hydra simulacrum bites you but does no damage.
The six-headed hydra simulacrum misses you.
The six-headed hydra simulacrum bites you but does no damage.
The six-headed hydra simulacrum closely misses you.
The six-headed hydra simulacrum bites you.
The six-headed hydra simulacrum freezes you!!
Your body deteriorates!
You feel weakened.
You maul the ice dragon!!!
You kill the ice dragon!
The Council accepts your kill.
The ice dragon scales are intact enough to wear.
A freezing wraith comes into view.
The five-headed hydra simulacrum bites you!
The five-headed hydra simulacrum freezes you!!
* * * LOW HITPOINT WARNING * * *
Your body deteriorates!
You feel dopey.
The five-headed hydra simulacrum closely misses you.
The five-headed hydra simulacrum bites you.
* * * LOW HITPOINT WARNING * * *
The five-headed hydra simulacrum freezes you!!
You die...
ZZ≈

#.♣#
#§Z##
##ZZ##
#..#
#Z.#
#..#
#♣ZZ#
#.D##
#.[##
##Z #Z
.$ #.
#. #W


You could see a freezing wraith, an eight-headed hydra simulacrum, 2
seven-headed hydra simulacra, 2 six-headed hydra simulacra, 2 five-headed hydra
simulacra and a four-headed hydra simulacrum.

Vanquished Creatures
  Saint Roka (Orc:2)
  Gastronok (Lair:1)
  Roxanne (D:14)
  A thorn hunter (Swamp:3)
  A fenstrider witch (Swamp:2)
  An orc warlord (Orc:2)
  A stone giant (D:15)
  6 eleionomae
  2 bunyips
  A dire elephant (Lair:5)
  Azrael (D:13)
  Snorg (Orc:1)
  A great orb of eyes (D:15)
  Josephine (D:12)
  Erolcha (D:13)
  An ice dragon (Swamp:4)
  6 hydras
  A rakshasa (D:13)
  A vault guard (D:13)
  2 catoblepae
  3 centaur warriors
  A death knight (D:15)
  A two-headed ogre (D:11)
  12 alligators
  5 boulder beetles
  7 death yaks
  6 tengu warriors
  2 orc high priests
  Urug (Lair:1)
  A fire crab (Lair:5)
  7 goliath frogs
  A spectral anaconda (Lair:5)
  2 skysharks
  7 skeletal warriors
  A spriggan druid (Swamp:1)
  5 swamp dragons
  5 necromancers
  5 bog bodies
  5 orc knights
  3 wizards (D:13)
  9 ugly things
  2 deep elf pyromancers
  4 manticores
  5 orc sorcerers
  A will-o-the-wisp (Swamp:2)
  4 cyclopes
  2 dire elephant zombies (Lair:5)
  2 ice statues (IceCv)
  10 black mambas
  Maurice (D:10)
  3 torpor snails
  14 elephants
  A gargoyle (D:14)
  20 cane toads
  Psyche (D:8)
  7 rime drakes
  An unseen horror (D:10)
  11 komodo dragons
  2 kobold demonologists
  2 freezing wraiths
  4 tengu conjurers
  2 bloated husks
  A meliai (Lair:2)
  11 trolls
  2 polar bears
  3 hornets
  A wolf spider simulacrum (D:13)
  Grinder (D:3)
  22 blink frogs
  7 tyrant leeches
  2 dream sheep (Lair:3)
  A spectral elephant (Lair:5)
  2 centaur simulacra
  5 slime creatures (D:13)
  5 wraiths
  3 wyverns
  3 shadows
  3 basilisks
  18 humans (D:13)
  3 spriggans
  37 yaks
  4 death yak simulacra
  Grum (D:10)
  3 steam dragons
  10 vampire mosquitoes
  2 spectral cane toads (Lair:5)
  5 wargs
  An acid dragon (D:9)
  11 water moccasins
  A hydra simulacrum (IceCv)
  9 swamp worms
  4 hell hounds (D:13)
  2 swamp drakes (Swamp:2)
  5 elephant zombies (Lair:5)
  3 ice beasts
  30 orc warriors
  A sky beast (D:7)
  7 centaurs
  18 wolves
  6 ogres
  2 phantoms
  3 elf zombies (Ossuary)
  An elephant skeleton (Lair:5)
  15 bullfrogs
  4 kobold brigands
  4 scorpions
  2 cane toad simulacra
  9 wights
  24 killer bees
  5 howler monkeys (D:9)
  2 electric eels (D:10)
  A centaur zombie (Ossuary)
  2 jellies
  3 gnoll boudas
  15 orc priests
  8 hounds
  6 iguanas
  Ijyb (D:4)
  13 hell rats
  14 orc wizards
  A sleepcap (D:5)
  2 mummies (Ossuary)
  Robin (D:4)
  4 adders
  20 gnolls
  4 river rats (Sewer)
  A white imp (D:11)
  3 ufetubi
  2 adder zombies (Ossuary)
  A worm (D:4)
  55 orcs
  6 endoplasms
  2 giant cockroaches
  11 goblins
  11 hobgoblins
  4 jackals (D:3)
  5 quokkas
  9 ball pythons
  11 bats
  5 frilled lizards
  A goblin zombie (Ossuary)
  7 hobgoblin zombies (Ossuary)
  2 jackal zombies (Ossuary)
  23 kobolds
  5 kobold zombies (Ossuary)
  13 orc zombies (Ossuary)
  23 rats
  A rat zombie (Ossuary)
840 creatures vanquished.

Vanquished Creatures (others)
  A hydra (Swamp:4)
  An unseen horror (D:13)
  2 bloated husks
  2 swamp worms (Swamp:4)
  An orc wizard (Orc:1)
  2 foxfires (Swamp:2)
  52 fungi
  85 plants
  25 withered plants (Lair:5)
171 creatures vanquished.

Grand Total: 1011 creatures vanquished

Notes
Turn   | Place    | Note
-------+----------+-------------------------------------------
     0 | D:1      | Mesmaeker13 the Octopode Transmuter began the quest for the
                  | Orb.
     0 | D:1      | Reached XP level 1. HP: 13/13 MP: 3/3
   304 | D:1      | Reached XP level 2. HP: 18/18 MP: 3/5
   359 | D:1      | Learned a level 2 spell: Wereblood
  1297 | D:2      | Found a faded altar of an unknown god.
  1387 | D:2      | Reached XP level 3. HP: 24/24 MP: 4/6
  2370 | D:3      | Reached XP level 4. HP: 27/29 MP: 5/7
  2524 | D:3      | Learned a level 4 spell: Ice Form
  2541 | Abyss:1  | Cast into level 1 of the Abyss (gnoll)
  2558 | D:3      | Escaped the Abyss
  2845 | D:4      | Found Zufeha's Jewellery Shoppe.
  3003 | D:4      | Found Jofism's Weapon Shop.
  3005 | D:4      | Noticed Ijyb
  3027 | D:4      | Killed Ijyb
  3028 | D:4      | Reached XP level 5. HP: 23/36 MP: 0/8
  3272 | D:4      | Found Etabbegh's Armour Shoppe.
  3427 | D:4      | Found Urihiocafa's Book Boutique.
  3457 | D:4      | Found Wixkuria's Magic Scroll Emporium.
  3616 | D:4      | Reached XP level 6. HP: 40/42 MP: 0/9
  3765 | D:4      | Noticed Robin
  3773 | D:4      | Reached skill level 1 in Ice Magic
  3780 | D:4      | Killed Robin
  4187 | D:3      | Found a sparkling altar of Nemelex Xobeh.
  4519 | D:3      | Noticed Grinder
  4529 | D:3      | Paralysed by Grinder for 5 turns
  4542 | D:3      | Killed Grinder
  4543 | D:3      | Reached XP level 7. HP: 31/48 MP: 3/10
  4843 | D:5      | Entered Level 5 of the Dungeon
  4879 | D:5      | Reached skill level 5 in Unarmed Combat
  4948 | D:5      | Identified the staff of death "Beoro" {rPois rN+ SInv}
  4957 | D:5      | Found an ancient bone altar of Kikubaaqudgha.
  4965 | D:5      | Found a shimmering blue altar of Sif Muna.
  4967 | D:5      | Found a radiant altar of Vehumet.
  4970 | D:5      | Got Kikubaaqudgha's Reference Book on Despair
  5037 | D:5      | Found an opulent altar of Gozag.
  5038 | D:5      | Found a bloodstained altar of Trog.
  5039 | D:5      | Found a blossoming altar of Fedhas.
  5039 | D:5      | Found a hide-covered altar of Uskayaw.
  5149 | D:5      | Reached skill level 5 in Transmutations
  5149 | D:5      | Reached XP level 8. HP: 54/54 MP: 7/11
  5218 | D:5      | Found a staircase to the Ecumenical Temple.
  5274 | D:5      | Found a glowing drain.
  5283 | Sewer    | Entered a sewer
  5652 | Sewer    | Reached skill level 5 in Fighting
  6826 | D:6      | Noticed a troll
  6862 | D:6      | Reached XP level 9. HP: 62/62 MP: 6/12
  7057 | D:6      | Learned a level 5 spell: Freezing Cloud
  7155 | D:6      | Found an ornate altar of the Wu Jian Council.
  7163 | D:6      | Became a worshipper of the Wu Jian Council
  7446 | D:7      | Reached skill level 1 in Air Magic
  7600 | D:7      | Reached skill level 5 in Ice Magic
  8370 | D:8      | Reached * piety under Wu Jian
  8371 | D:8      | Reached skill level 1 in Conjurations
  8579 | D:8      | Noticed Psyche
  8890 | D:8      | Found a sand-covered staircase.
  8895 | Ossuary  | Entered an ossuary
  9104 | Ossuary  | Reached ** piety under Wu Jian
  9125 | Ossuary  | Reached XP level 10. HP: 69/69 MP: 6/14
  9304 | D:8      | Found an iron altar of Okawaru.
  9305 | D:8      | Found a snail-covered altar of Cheibriados.
  9680 | D:8      | Killed Psyche
 10115 | D:6      | Found the +18 Lear's hauberk
 10632 | D:9      | Reached *** piety under Wu Jian
 10789 | D:9      | Noticed a kobold demonologist
 10797 | D:9      | Killed a kobold demonologist
 11001 | D:9      | Found Pouqah's Assorted Antiques.
 11010 | D:9      | Bought a scroll of identify for 58 gold pieces
 11296 | D:9      | Identified a scroll of acquirement
 11296 | D:9      | Acquired the +3 warlock's mirror {omnireflect}
 11296 | D:9      | Found the +3 warlock's mirror {omnireflect}
 11488 | D:9      | Found a white marble altar of Elyvilon.
 11661 | D:9      | HP: 4/85 [troll (2)]
 12264 | D:4      | Bought a +6 ring of strength for 504 gold pieces
 12418 | D:10     | Entered Level 10 of the Dungeon
 12418 | D:10     | Noticed an unseen horror
 12423 | D:10     | Killed an unseen horror
 12424 | D:10     | Reached XP level 11. HP: 76/76 MP: 10/15
 12427 | D:10     | Found a staircase to the Orcish Mines.
 12427 | D:10     | Noticed Grum
 12815 | D:10     | Reached skill level 5 in Air Magic
 12832 | D:10     | Noticed Maurice
 12952 | D:10     | Killed Grum
 12967 | D:10     | Reached **** piety under Wu Jian
 13028 | D:10     | Paralysed by Maurice for 3 turns
 13984 | D:10     | Found a staircase to the Lair.
 14174 | D:10     | Killed Maurice
 14208 | Lair:1   | Entered Level 1 of the Lair of Beasts
 14208 | Lair:1   | Noticed Gastronok
 14213 | D:10     | Reached skill level 5 in Conjurations
 14473 | Lair:1   | Killed Gastronok
 14677 | Lair:1   | Reached XP level 12. HP: 84/84 MP: 9/16
 15114 | Lair:1   | Noticed Urug
 15335 | Lair:1   | Killed Urug
 15723 | Lair:1   | Noticed a four-headed hydra
 15730 | Lair:1   | Killed a four-headed hydra
 16524 | Lair:2   | Acquired a +4 ring of protection
 16539 | Lair:2   | Found a hole to the Spider Nest.
 16899 | Lair:2   | Identified the +8 dagger of Buelumm {speed, *Noise rF++
                  | SInv}
 17037 | Lair:2   | Reached skill level 10 in Unarmed Combat
 17057 | Lair:2   | Reached XP level 13. HP: 91/91 MP: 10/17
 17083 | Lair:2   | Reached ***** piety under Wu Jian
 17271 | Lair:2   | Reached skill level 10 in Transmutations
 17936 | Lair:2   | Found a staircase to the Swamp.
 18134 | Lair:3   | Reached skill level 10 in Fighting
 20487 | Lair:4   | Reached skill level 10 in Ice Magic
 20702 | Lair:4   | Found a staircase to the Slime Pits.
 20704 | Lair:4   | Found a viscous altar of Jiyva.
 20981 | Lair:5   | Entered Level 5 of the Lair of Beasts
 21054 | Lair:5   | Reached XP level 14. HP: 99/99 MP: 5/18
 22842 | Lair:5   | Noticed a dire elephant
 23792 | Lair:5   | Identified the +5 broad axe of Fimbulwinter {heavy, Contam
                  | Dex+6}
 24165 | Lair:4   | Learned a level 5 spell: Irradiate
 24343 | Lair:5   | Killed a dire elephant
 24567 | Orc:1    | Entered Level 1 of the Orcish Mines
 24803 | Orc:1    | Gained mutation: Your body sometimes deteriorates upon
                  | taking damage. [a neqoxec]
 25109 | Orc:1    | Reached ****** piety under Wu Jian
 25130 | Orc:1    | Noticed Snorg
 25143 | Orc:1    | Killed Snorg
 25280 | Orc:1    | You fall into a shaft and drop 1 floor!
 25280 | Orc:2    | Entered Level 2 of the Orcish Mines
 25386 | Orc:2    | Noticed an orc warlord
 25573 | Orc:2    | Found a staircase to the Elven Halls.
 25581 | Orc:2    | Reached XP level 15. HP: 107/107 MP: 16/20
 25590 | Orc:2    | Noticed Saint Roka
 25709 | Orc:2    | Found Kikhiwull's Jewellery Shop.
 25716 | Orc:1    | Reached skill level 10 in Air Magic
 26309 | D:11     | Found a frozen archway.
 26318 | IceCv    | Entered an ice cave
 26349 | IceCv    | Found a transporter.
 26360 | IceCv    | Found a transporter.
 26645 | D:11     | Found a hazy altar of Hepliaklqana.
 26755 | D:11     | Found a transporter.
 27241 | D:11     | Found a transporter.
 27249 | D:11     | Identified the +6 scimitar "Lauviula" {freeze, Will- Str+6
                  | Int+3}
 27557 | D:12     | Acquired the ring of Mekesuex {rElec MP+9}
 27613 | D:12     | Noticed Josephine
 27633 | D:12     | Killed Josephine
 28528 | D:13     | Noticed Erolcha
 28547 | D:13     | Killed Erolcha
 29275 | D:13     | Noticed Azrael
 29290 | D:13     | Reached skill level 5 in Spellcasting
 29291 | D:13     | Killed Azrael
 29741 | D:13     | Found a gate to the Vaults.
 30156 | D:14     | Identified Roxanne's Papyrus of the Caves
 30156 | D:14     | Noticed Roxanne
 31054 | D:14     | Learned a level 7 spell: Dragon Form
 31159 | D:14     | Killed Roxanne
 31230 | D:15     | Entered Level 15 of the Dungeon
 31417 | D:15     | Reached XP level 16. HP: 116/116 MP: 18/25
 31920 | D:15     | Found an iron altar of Okawaru.
 32035 | D:15     | Found a staircase to the Depths.
 32901 | Orc:2    | Killed Saint Roka
 33288 | Orc:2    | Found Pusen's Antique Weapon Shoppe.
 33397 | Orc:2    | Found Zyroa's Antique Armour Shop.
 33472 | Orc:2    | Found Ysergh's General Store.
 33683 | Orc:2    | Bought a +5 ring of evasion for 576 gold pieces
 33813 | Swamp:1  | Entered Level 1 of the Swamp
 35132 | Swamp:2  | Noticed a fenstrider witch
 35140 | Swamp:2  | Killed a fenstrider witch
 35322 | Swamp:2  | Gained mutation: You are vulnerable to heat. (rF-)
                  | [mutagenic glow]
 35331 | Swamp:2  | Gained mutation: You are clumsy. (Dex -2) [mutagenic glow]
 35340 | Swamp:2  | Gained mutation: Your body often deteriorates upon taking
                  | damage. [mutagenic glow]
 35359 | Swamp:1  | Gained mutation: You possess an exceptional clarity of
                  | mind. [mutagenic glow]
 35374 | Swamp:1  | Gained mutation: Your magical capacity is low. (-10% MP)
                  | [mutagenic glow]
 35672 | Swamp:2  | Reached XP level 17. HP: 124/124 MP: 26/26
 35685 | Swamp:2  | Identified the +1 morningstar of the Blind Eye {freeze, rC+
                  | rN+ Str+3}
 36622 | Swamp:4  | Entered Level 4 of the Swamp
 36713 | Swamp:4  | Slain by a five-headed hydra simulacrum

Illustrated notes

Levels and vault maps discovered:
D:1:      dpeg_arrival_pits, layout_basic, minmay_heptomino_d4
D:2:      layout_loops_ring, dreamdust_ecumenical_altar_hidden_monk_grotto
D:3:      layout_basic, nemelex_xobeh_ov_fountains_minmay,
          grunt_decor_one_mirror, uniq_grinder
D:4:      layout_loops_ring, serial_shops, shop, kennysheep_mini_moat,
          nicolae_diamond_shop, nicolae_diamond_shop, shop, uniq_robin,
          uniq_ijyb
D:5:      layout_gridville, grunt_temple_overflow_magic_moments,
          mainiacjoe_overflow_alcove_3, minmay_temple_entry_grid,
          portal_sewer_entry_d
D:6:      layout_gridville, kennysheep_mini, hellmonk_guarded_unrand_lears
D:7:      layout_cave_pools, roderic_roman_lattice,
          chequers_serial_rivers_small_3, minmay_manual_mares
D:8:      layout_basic, jmf_multi_god_temple, enter_bailey_7, enter_ossuary_2,
          uniq_psyche
D:9:      layout_stronghold, overflow_temple_1_default, serial_shops, shop,
          serial_bayou_pond_b, minmay_misc_feat_cross,
          minmay_misc_feat_nine_boxes
D:10:     layout_basic, erik_lair_island, david_orc_3, uniq_grum, uniq_maurice
D:11:     gammafunk_beogh_shrine, layout_stronghold, serial_ice, serial_ice_n,
          serial_ice_d, serial_ice_g, serial_ice_h,
          portal_ice_cave_entry_pillars_1, worldfamousw_hep_ancestral_shrine
D:12:     layout_basic, uniq_josephine
D:13:     layout_irregular_city, grunt_vaults_entry_tiered,
          minmay_misc_feat_pillars, drop_trap, uniq_azrael, uniq_erolcha
D:14:     layout_irregular_city, uniq_roxanne
D:15:     grunt_enter_depths_snipers, layout_long_grid, okawaru_metal_pillars_3
Lair:1:   cheibrodos_lair_river_kwai, layout_chaotic_city,
          hangedman_lair_generics_rect, uniq_gastronok, uniq_urug
Lair:2:   layout_gridlike, minmay_swamp_entry_reptiles,
          hellmonk_spider_entry_not_the_bees
Lair:3:   layout_cave_pods
Lair:4:   layout_gridlike, dpeg_slime_entry_corner,
          chequers_serial_rivers_room_b
Lair:5:   due_jungle_book, layout_small_grid, hangedman_lair_unloving_vines,
          dreamdust_gnoll_shepherd
Swamp:1:  layout_basic_swamp, evilmike_swamp_ruin_house_1,
          infiniplex_staircase_pool
Swamp:2:  layout_basic_swamp, evilmike_swamp_ruin_house_3
Swamp:3:  layout_falls_marsh, nicolae_swamp_some_circles,
          infiniplex_staircase_pool_2
Swamp:4:  swamp_icy, layout_basic_swamp
Orc:1:    layout_caves, guppyfry_orc_lava_fort, uniq_snorg
Orc:2:    grunt_orc_gardens, layout_caves, grunt_orc_garden, grunt_orc_garden,
          grunt_orc_garden, grunt_orc_garden, nicolae_orc_rich_vein,
          uniq_saint_roka

Skill      XL: |  1  2  3  4  5  6  7  8  9 10 11 12 13 14 15 16 17 |
---------------+----------------------------------------------------+-----
Fighting       | 2 3 4 5 6 7 8 9 10 11 12 13 14 | 14.1
Transmutations | 3 4 5 6 7 8 9 10 11 12 14 | 14.2
Unarmed Combat | 4 5 6 7 8 9 10 11 13 14 | 14.3
Ice Magic      | 2 3 4 5 6 7 9 10 11 | 11.3
Air Magic      | 3 4 6 7 8 9 10 | 10.2
Spellcasting   | 3 6 8 |  8.5
Conjurations   | 1 4 5 7 8 |  8.2
Dodging        | 3 4 |  4.2

Action                     |  1- 3 |  4- 6 |  7- 9 | 10-12 | 13-15 | 16-18 || total
---------------------------+-------+-------+-------+-------+-------+-------++-------
  Melee: Unarmed           |    62 |    76 |   315 |   407 |   737 |   237 ||  1834
         Kick              |    16 |    19 |     2 |     2 |       |       ||    39
         Constrict         |    13 |    20 |     6 |     4 |     3 |     1 ||    47
         Tentacles         |    12 |     7 |     2 |     4 |     3 |     1 ||    29
         Punch             |     2 |     5 |     1 |       |       |    20 ||    28
         Dagger            |       |    42 |     4 |       |       |       ||    46
         Staff             |       |       |    19 |    12 |     4 |     3 ||    38
         Tailslap          |       |       |       |       |       |    34 ||    34
         Bite              |       |       |       |       |       |    21 ||    21
   Cast: Beastly Appendage |    29 |    15 |     3 |     3 |       |       ||    50
         Ice Form          |       |     8 |    36 |    54 |   108 |    13 ||   219
         Wereblood         |       |     6 |    25 |    23 |    17 |     2 ||    73
         Freezing Cloud    |       |       |       |    19 |    96 |    19 ||   134
         Dragon Form       |       |       |       |       |       |    33 ||    33
         Irradiate         |       |       |       |       |       |     4 ||     4
 Invoke: Serpent's Lash    |       |       |       |       |     4 |       ||     4
Ability: Lunge             |       |       |     7 |    23 |    49 |    40 ||   119
         Whirlwind         |       |       |     5 |     8 |    23 |    14 ||    50
         Wall Jump         |       |       |       |       |     1 |       ||     1
         Breathe Fire      |       |       |       |       |       |    11 ||    11
         End Transformatio |       |       |       |       |       |     2 ||     2
  Evoke: Wand              |       |     8 |    11 |    18 |     8 |       ||    45
         Phial of floods   |       |       |       |       |     1 |     2 ||     3
    Use: Scroll            |     3 |     2 |     9 |    15 |    11 |     4 ||    44
         Potion            |       |     4 |     2 |     7 |     6 |     1 ||    20
   Stab: Sleeping          |     4 |     1 |       |     1 |       |       ||     6
         Paralysed         |       |       |     8 |     5 |       |       ||    13
         Invisible         |       |       |       |     1 |     3 |       ||     4
 Armour: Skin              |     7 |    19 |    97 |   113 |   300 |    90 ||   626
  Dodge: Dodged            |    45 |    54 |   216 |   202 |   292 |   123 ||   932

Table legend: (Time is in decaauts)
 A = Elapsed time spent in this place.
 B = Non-inter-level travel time spent in this place.
 C = Inter-level travel time spent in this place.
 D = Time resting spent in this place.
 E = Time spent auto-exploring this place.
 F = Levels seen in this place.
 G = Mean time per level.
                   A        B        C        D        E       F      G
               +--------+--------+--------+--------+--------+-----+--------+
         Total |  36526 |  34116 |   2410 |   5532 |  20131 |  30 | 1217.5 |
       Dungeon |  20408 |  18798 |   1610 |   2839 |  11473 |  15 | 1360.5 |
          Lair |   9988 |   9435 |    553 |   1702 |   5522 |   5 | 1997.6 |
         Swamp |   2842 |   2745 |     97 |    409 |   1627 |   4 |  710.5 |
  Orcish Mines |   1891 |   1742 |    149 |    277 |   1064 |   2 |  945.5 |
         Abyss |     16 |     16 |      0 |      0 |      0 |   1 |   16.0 |
         Sewer |    721 |    721 |      0 |     61 |    384 |   1 |  721.0 |
       Ossuary |    359 |    359 |      0 |     58 |     61 |   1 |  359.0 |
      Ice Cave |    298 |    298 |      0 |    185 |      0 |   1 |  298.0 |
               +--------+--------+--------+--------+--------+-----+--------+

Top non-repeatable levels by time:
  Lair:5: 3198 daAuts
    D:10: 2291 daAuts
     D:9: 2146 daAuts
  Lair:1: 1997 daAuts
  Lair:3: 1738 daAuts
  Lair:2: 1703 daAuts
    D:13: 1553 daAuts
 Swamp:1: 1541 daAuts
  Lair:4: 1350 daAuts
    D:15: 1348 daAuts
     D:1: 1315 daAuts
     D:4: 1292 daAuts
    D:11: 1246 daAuts
     D:7: 1231 daAuts
     D:3: 1220 daAuts
